 Dungeon Sprint DCSS version 0.16.2-12-gd0ad4c3 (webtiles) character file.

336 musteatbrain the Grappler (level 6, 0/59 HPs)
             Began as a Troll Berserker on Oct 15, 2015.
             Was a Believer of Trog.
             Asphyxiated
             ... in the Dungeon (Sprint I: "Red Sonja").
             The game lasted 00:02:02 (357 turns).

musteatbrain the Grappler (Troll Berserker)          Turns: 357, Time: 00:02:02

Health: 0/59       AC:  6    Str: 26    XL:     6   Next: 28%
Magic:  3/3        EV: 11    Int:  3    God:    Trog [**....]
Gold:   305        SH:  0    Dex: 11    Spells: 0 memorised, 5 levels left

rFire  + . .     SeeInvis .       - Unarmed
rCold  . . .     Clarity  .     j - +1 robe {rF+}
rNeg   . . .     SustAb   .     (shield restricted)
rPois  .         Gourm    +     (helmet restricted)
rElec  .         Spirit   .     (no cloak)
rCorr  .         Warding  .     (gloves unavailable)
rMut   .         NoTele   +     (boots unavailable)
MR     ++...                    (no amulet)
Stlth  +.........               (no ring)
                                (no ring)

@: lethally poisoned (0 -> -8), short of breath, regenerating, slowed, very
slow, very resistant to hostile enchantments, very unstealthy
A: unfitting armour, claws 3, fast metabolism 3, gourmand, regeneration 2,
shaggy fur 1, tough skin 2
a: Burn Spellbooks, Berserk, Trog's Hand, Renounce Religion


You were in the Dungeon.
You worshipped Trog.
Trog was pleased with you.
You were not hungry.

You visited 1 branch You collected 305 gold pieces.

Inventory:

Armour
 b - a +0 animal skin
 j - a +1 robe of fire resistance (worn)
Scrolls
 h - a scroll of blinking
Potions
 d - a potion of heal wounds
 e - a potion of haste
 f - 2 potions of magic
 g - a potion of berserk rage
Comestibles
 a - 2 meat rations
 i - 4 chunks of flesh
 k - a beef jerky


   Skills:
 - Level 2.4 Fighting
 - Level 1.5 Armour
 + Level 4.4 Dodging
 + Level 12.4 Unarmed Combat


You had 5 spell levels left.
You didn't know any spells.

Dungeon Overview and Level Annotations

Branches:
Dungeon (1/1)

Altars:
Elyvilon
Gozag
Kikubaaqudgha
Makhleb
Nemelex Xobeh
Okawaru
Qazlal
Ru
Sif Muna
Trog
Vehumet
Xom
Yredelemnul
Zin
The Shining One

Shops:
D }

Annotations:
D Sonja


Innate Abilities, Weirdness & Mutations

You are too large for most types of armour.
You have claws for hands.
Your metabolism is lightning-fast.
You like to eat raw meat.
You heal very quickly.
You are covered in fur (AC +1).
You have very tough skin (AC +2).


Message History

You feel as though you will be slow longer.
Sonja gestures wildly while chanting.
Sonja blinks!
There is an open door here.
You see here 5 curare-tipped needles.
You feel sick.
Sonja shoots a curare-tipped needle.
The curare-tipped needle hits you.
You are more poisoned.
You have difficulty breathing.
* * * LOW HITPOINT WARNING * * *
You feel as though you will be slow longer.
Sonja casts a spell.
Sonja blinks!
You see here a curare-tipped needle.
You feel sick.
You feel very sick.
Sonja shoots a curare-tipped needle.
The curare-tipped needle hits you.
You are more poisoned.
You have difficulty breathing.
You die...

################
#<.#..').#..'..#
#..').#..').#..+
#..#####'#####'#
#..####..#...#(####$
#..#__####..##.#§≈§§
#..#_..__##'#..K§§§§
#⌠⌠#_.∩...'@.._#≈≈≈.c#
####_..._##_T#'# +####
#_____###(#.#
#########.####+###
+$.('$$.$$+
#$.$####### ##.## #+#


You could see a deep troll and Sonja.

Vanquished Creatures
  A yak (D)
  An ogre (D)
  Sigmund (D)
  A jelly (D)
  Ijyb (D)
5 creatures vanquished.

Notes
Turn   | Place    | Note
--------------------------------------------------------------
     0 | D        | musteatbrain, the Troll Berserker, began the quest for the Orb.
     0 | D        | Reached XP level 1. HP: 22/22 MP: 1/1
     2 | D        | Noticed Ijyb
     8 | D        | Killed Ijyb
     8 | D        | Reached skill level 5 in Unarmed Combat
     8 | D        | Reached XP level 2. HP: 25/29 MP: 1/1
    25 | D        | Noticed an ogre
    29 | D        | Killed an ogre
    29 | D        | Reached skill level 9 in Unarmed Combat
    29 | D        | Reached XP level 3. HP: 8/36 MP: 2/2
    29 | D        | Reached XP level 4. HP: 9/44 MP: 2/2
   205 | D        | Noticed Sigmund
   209 | D        | Killed Sigmund
   209 | D        | Acquired Trog's second power
   209 | D        | Reached skill level 11 in Unarmed Combat
   209 | D        | Reached XP level 5. HP: 40/50 MP: 2/2
   235 | D        | Found a deep blue altar of Sif Muna.
   236 | D        | Noticed a jelly
   237 | D        | Found a radiant altar of Vehumet.
   242 | D        | Killed a jelly
   308 | D        | Found Lomuel's Gadget Emporium.
   308 | D        | Found a white marble altar of Elyvilon.
   308 | D        | Found a stormy altar of Qazlal.
   308 | D        | Found a burning altar of Makhleb.
   308 | D        | Found a sacrificial altar of Ru.
   308 | D        | Found a basalt altar of Yredelemnul.
   308 | D        | Found a glowing golden altar of the Shining One.
   308 | D        | Found a sparkling altar of Nemelex Xobeh.
   308 | D        | Found a shimmering altar of Xom.
   308 | D        | Found an opulent altar of Gozag.
   308 | D        | Found an ancient bone altar of Kikubaaqudgha.
   308 | D        | Found a glowing silver altar of Zin.
   308 | D        | Noticed a yak
   311 | D        | Killed a yak
   311 | D        | Reached skill level 12 in Unarmed Combat
   311 | D        | Reached XP level 6. HP: 53/59 MP: 3/3
   312 | D        | Found an iron altar of Okawaru.
   318 | D        | Found a bloodstained altar of Trog.
   341 | D        | Noticed a centaur warrior
   345 | D        | Noticed Sonja
   352 | D        | Noticed a deep troll
   357 | D        | Asphyxiated

Action                   |  1- 3 |  4- 6 || total
-------------------------+-------+-------++-------
Melee: Unarmed           |     8 |    11 ||    19
Invok: Trog's Hand       |       |     1 ||     1
  Use: Potion            |       |     1 ||     1
  Eat: Chunk             |     2 |     2 ||     4
